 Dungeon Crawl Stone Soup version 0.30-a0-782-ge64f9170bb (webtiles) character file.

Game seed: 7788840561044522430

3643 Dirtsage the Carver (level 10, -3/53 HPs)
             Began as a Vine Stalker Gladiator on Mar 1, 2023.
             Was a Believer of the Shining One.
             Killed by divine providence
             ... invoked by an orc priest
              (9 damage)
             ... on level 9 of the Dungeon.
             The game lasted 00:23:09 (6141 turns).

Dirtsage the Carver (Vine Stalker Gladiator)        Turns: 6141, Time: 00:23:10

Health: -3/53      AC: 11    Str: 17    XL:     10   Next: 12%
Magic:  0/11       EV: 11    Int:  8    God:    the Shining One [**....]
Gold:   311        SH:  7    Dex: 20    Spells: 9/9 levels left

rFire   + . .      SeeInvis .    a - +0 long sword
rCold   . . .      Faith    .    S - +2 buckler {rF+}
rNeg    + . .      Spirit   +    l - +0 ring mail
rPois   .          Reflect  .    o - +2 helmet
rElec   .          Harm     .    K - +0 cloak
rCorr   .          Rampage  .    c - +0 pair of gloves
Will    +....                    J - +0 pair of boots
Stlth   +                        (no amulet)
HPRegen 1.08/turn                (no ring)
MPRegen 0.12/turn                (no ring)

@: glowing
A: fangs 3, regeneration 1, magic shield, antimagic bite, no potion heal 2
a: Renounce Religion, Divine Shield


You were on level 9 of the Dungeon.
You worshipped the Shining One.
The Shining One was pleased with you.
You visited 2 branches of the dungeon, and saw 10 of its levels.
You also visited: Sewer, Ossuary and Bailey.

You collected 690 gold pieces.
You spent 379 gold pieces at shops.

Inventory:

Hand Weapons
 a - a +0 long sword (weapon)
Missiles
 e - a javelin
 n - 4 throwing nets (quivered)
Armour
 c - a +0 pair of gloves (worn)
 l - a +0 ring mail (worn)
 o - a +2 helmet (worn)
 J - a +0 pair of boots (worn)
 K - a +0 cloak (worn)
 S - a +2 buckler of fire resistance (worn)
Magical Staves
 u - a staff of air
Wands
 v - a wand of charming (10)
 B - a wand of light (19)
 D - a wand of digging (1)
 O - a wand of flame (15)
 P - a wand of polymorph (17)
 R - a wand of mindburst (18)
Scrolls
 f - 9 scrolls of teleportation {unknown}
 g - a scroll of fear
 h - 4 scrolls of brand weapon {unknown}
 i - 2 scrolls of identify
 j - 6 scrolls of noise
 p - 2 scrolls of vulnerability
 t - 4 scrolls of blinking {unknown}
 x - a scroll of silence
 y - 2 scrolls of immolation {unknown}
 C - a scroll of poison
 E - 3 scrolls of fog {unknown}
 F - 3 scrolls of amnesia
 G - 2 scrolls of magic mapping
 I - a scroll of butterflies
 M - a scroll of torment {unknown}
 N - a scroll of enchant weapon
Potions
 b - a potion of berserk rage {unknown}
 d - 2 potions of might
 k - 4 potions of brilliance {unknown}
 m - 6 potions of heal wounds {unknown}
 q - 3 potions of curing
 r - 3 potions of mutation {unknown}
 s - a potion of resistance
 w - 7 potions of flight
 z - 3 potions of magic {unknown}
 A - 2 potions of lignification {unknown}
 H - a potion of attraction {unknown}
 L - a potion of ambrosia {unknown}
 Q - a potion of cancellation {unknown}


   Skills:
 + Level 6.5 Fighting
 * Level 10.1 Long Blades
 - Level 1.7 Throwing
 - Level 2.4 Dodging
 + Level 2.7 Shields
 - Level 5.0 Evocations


You had 9 spell levels left.
You didn't know any spells.
Your spell library contained the following spells:

 Spells                   Type           Power      Damage    Failure   Level
 Magic Dart               Conj           0%         1d3       73%         1
 Blink                    Tloc           0%         N/A       86%         2
 Lesser Beckoning         Tloc           0%         N/A       86%         2
 Momentum Strike          Conj/Tloc      0%         3d8       86%         2
 Searing Ray              Conj           0%         2d4       86%         2
 Sublimation of Blood     Necr           0%         N/A       86%         2
 Inner Flame              Hex/Fire       0%         N/A       97%         3
 Ozocubu's Armour         Ice            0%         N/A       97%         3
 Tukima's Dance           Hex            0%         N/A       97%         3
 Animate Dead             Necr           0%         N/A       100%        4
 Flame Wave               Conj/Fire      0%         2d4       100%        4
 Fulminant Prism          Conj/Hex       0%         3d5       100%        4
 Passage of Golubria      Tloc           0%         N/A       100%        4
 Petrify                  Tmut/Erth      0%         N/A       100%        4
 Sticky Flame             Conj/Fire      0%         2d3       100%        4
 Borgnjor's Vile Clutch   Necr/Erth      0%         N/A       100%        5
 Irradiate                Conj/Tmut      0%         3d11      100%        5
 Yara's Violent Unravell  Hex/Tmut       0%         3d3       100%        5
 Death Channel            Necr           0%         N/A       100%        6
 Ozocubu's Refrigeration  Ice            0%         4d7       100%        7


Dungeon Overview and Level Annotations

Branches:
Dungeon (9/15)             Temple (1/1) D:6           Sewer (visited)
Ossuary (visited)          Bailey (visited)
   Lair: D:8-11         Orc: D:9-12

Altars:
Ashenzari
Cheibriados
Dithmenos
Elyvilon
Fedhas
Gozag
Hepliaklqana
Kikubaaqudgha
Makhleb
Nemelex Xobeh
Okawaru
Qazlal
Ru
Sif Muna
Trog
Uskayaw
Vehumet
Xom
Yredelemnul
Zin
The Shining One

Shops:
D:1 ((!([   D:4 :   D:7 *

Annotations:
D:3 3 runed translucent doors, bmj180's ghost, amateur GrEE
D:8 2 transporters


Innate Abilities, Weirdness & Mutations

You have razor-sharp teeth.
Your natural rate of healing is unusually fast.
When hurt, damage is shared between your health and your magic reserves.
Your bite disrupts and absorbs the magic of your enemies.
Potions cannot restore your health.


Message History

The orc wizard mumbles some strange words.
The orc wizard flickers and vanishes for a moment.
The orc priest invokes the aid of Beogh against you.
Beogh smites you!
The orc priest calls upon Beogh to heal the orc priest.
The orc priest is healed somewhat.
You take 11 damage, and have 25/53 hp.
MASSIVE DAMAGE!!
You now have 7/11 mp.
You hit the orc warrior. You bite the orc warrior. You drain its power.
You feel invigorated.
The orc warrior is severely wounded.
The orc warrior misses you.
The orc priest invokes the aid of Beogh against you.
Beogh smites you!
You take 9 damage, and have 16/53 hp.
You hit the orc warrior.
You bite the orc warrior, but do no damage.
The orc warrior is almost dead.
You block the orc warrior's attack.
The orc priest looks encouraged for a moment.
You hit the orc warrior but do no damage.
The orc warrior is almost dead.
The orc warrior misses you.
You barely miss the orc warrior.
You bite the orc warrior, but do no damage.
The orc warrior is almost dead.
You block the orc warrior's attack.
The orc priest calls down the wrath of Beogh upon you.
Beogh smites you!
* * * LOW HITPOINT WARNING * * *
You take 10 damage, and have 8/53 hp.
You now have 4/11 mp.
You slash the orc warrior!
You kill the orc warrior!
The orc wizard points at you and mumbles some strange words.
The magic dart hits you.
* * * LOW HITPOINT WARNING * * *
You take 3 damage, and have 5/53 hp.
You now have 3/11 mp.
The orc wizard barely misses you.
The orc priest mumbles some strange prayers to Beogh against you.
Beogh smites you!
You die... ..#......# ...#.....# .........# #........# .....~...# #......Yo#### #ooo)oo#

.....ho####o#
..#.... #@#
#...h.. #.#
....... #.#
#....#......#
....##......#
...# #..#...#
#. #...# +
.#### ..


You could see 2 orc priests and an orc wizard (invisible).

Vanquished Creatures
  Sigmund (D:6)
  Edmund (D:6)
  3 sky beasts
  6 orc warriors
  A black bear (D:4)
  5 centaurs
  An ogre (D:5)
  3 phantoms
  A kobold brigand (D:7)
  2 bullfrogs
  A necrophage (D:4)
  2 scorpions (D:5)
  5 wights (D:6)
  A jelly (D:6)
  6 hounds
  An orc priest (D:7)
  Crazy Yiuf (D:6)
  11 orc wizards
  8 mummies (Ossuary)
  Robin (D:2)
  11 gnolls
  11 adders
  4 river rats
  A shadow imp (D:6)
  A white imp (D:7)
  An ufetubus (D:6)
  A worm zombie (D:7)
  2 worms
  2 dart slugs
  33 orcs
  11 endoplasms
  6 giant cockroaches
  2 gnoll zombies (Ossuary)
  14 goblins
  9 hobgoblins
  10 jackals
  11 kobolds
  6 quokkas
  17 ball pythons
  13 bats
  4 frilled lizards
  2 hobgoblin zombies (Ossuary)
  2 kobold zombies (Ossuary)
  2 orc zombies (Ossuary)
  4 rats
241 creatures vanquished.

Vanquished Creatures (others)
  A kobold (D:7)
  2 fungi (D:4)
  5 plants (D:6)
8 creatures vanquished.

Grand Total: 249 creatures vanquished

Notes
Turn   | Place    | Note
-------+----------+-------------------------------------------
     0 | D:1      | Dirtsage the Vine Stalker Gladiator began the quest for the
                  | Orb.
     0 | D:1      | Reached XP level 1. HP: 11/11 MP: 2/2
    21 | D:1      | Found Dasynuma's Distillery.
    70 | D:1      | Reached skill level 3 in Long Blades
    95 | D:1      | Found a faded altar of an unknown god.
   108 | D:1      | Reached XP level 2. HP: 15/15 MP: 3/3
   459 | D:1      | Found Kamneco's Weapon Shop.
   475 | D:1      | Found Nonihov's Antique Weapon Shoppe.
   537 | D:1      | Bought a potion of might for 40 gold pieces
   552 | D:1      | Found Peunnemo's Weapon Emporium.
   581 | D:1      | Found Reov's Armour Shoppe.
   775 | D:2      | Reached XP level 3. HP: 17/18 MP: 4/4
   872 | D:2      | Reached skill level 4 in Long Blades
   885 | D:2      | Noticed Robin
   906 | D:2      | Killed Robin
   907 | D:2      | Gained mutation: Your natural rate of healing is unusually
                  | fast. [Vine Stalker growth]
   907 | D:2      | Reached XP level 4. HP: 8/23 MP: 3/5
  1406 | D:3      | Noticed bmj180's ghost (amateur GrEE)
  1423 | D:3      | Found a runed translucent gate.
  1423 | D:3      | Found a runed translucent gate.
  1423 | D:3      | Found a runed translucent gate.
  1664 | D:4      | Reached XP level 5. HP: 21/26 MP: 6/6
  1689 | D:4      | Reached skill level 5 in Long Blades
  1692 | D:4      | Found a glowing drain.
  1712 | Sewer    | Entered a sewer
  1872 | Sewer    | Reached XP level 6. HP: 32/32 MP: 7/7
  2314 | D:4      | Found a basalt altar of Yredelemnul.
  2322 | D:4      | Found a broken altar of Ashenzari.
  2448 | D:4      | Found a hazy altar of Hepliaklqana.
  2479 | D:4      | Found Etoxonn's Book Shoppe.
  2635 | D:4      | Reached skill level 6 in Long Blades
  2811 | D:4      | Noticed a black bear
  2816 | D:4      | Killed a black bear
  2817 | D:4      | Reached XP level 7. HP: 35/36 MP: 8/8
  2944 | D:5      | Entered Level 5 of the Dungeon
  2957 | D:5      | Saving game... please wait.
  3009 | D:5      | Reached skill level 1 in Evocations
  3153 | D:5      | Reached skill level 7 in Long Blades
  3172 | D:5      | Gained mutation: You have razor-sharp teeth. [Vine Stalker
                  | growth]
  3172 | D:5      | Reached XP level 8. HP: 24/42 MP: 6/9
  3282 | D:5      | Found a hide-covered altar of Uskayaw.
  3585 | D:6      | Found a glowing silver altar of Zin.
  3777 | D:6      | Reached skill level 8 in Long Blades
  3856 | D:6      | Reached skill level 5 in Fighting
  3887 | D:6      | Found a staircase to the Ecumenical Temple.
  3940 | Temple   | Entered the Ecumenical Temple
  3973 | Temple   | Became a worshipper of the Shining One
  4029 | D:6      | Reached XP level 9. HP: 45/47 MP: 10/10
  4071 | D:6      | Noticed Sigmund
  4085 | D:6      | Killed Sigmund
  4163 | D:6      | Found a runed translucent door.
  4164 | D:6      | Noticed Crazy Yiuf
  4243 | D:6      | Noticed Edmund
  4254 | D:6      | Killed Edmund
  4255 | D:6      | Reached skill level 9 in Long Blades
  4361 | D:6      | Found an opulent altar of Gozag.
  4440 | D:6      | Killed Crazy Yiuf
  4516 | D:7      | Found Ynuss's General Store.
  4523 | D:7      | Bought a scroll of identify for 30 gold pieces
  4523 | D:7      | Bought a scroll of identify for 30 gold pieces
  4549 | D:7      | Found a sand-covered staircase.
  4566 | Ossuary  | Entered an ossuary
  4568 | Ossuary  | Reached * piety under the Shining One
  4620 | Ossuary  | Reached ** piety under the Shining One
  4811 | D:7      | Reached skill level 1 in Shields
  5053 | D:7      | Found a radiant altar of Vehumet.
  5068 | D:7      | Found a flagged portal.
  5082 | Bailey   | Entered a bailey
  5386 | D:8      | Found a transporter.
  5451 | D:8      | Reached XP level 10. HP: 42/53 MP: 9/11
  5456 | D:8      | Reached skill level 5 in Evocations
  5485 | D:8      | Found a burning altar of Makhleb.
  5731 | D:8      | Found a transporter.
  5741 | D:8      | Reached skill level 10 in Long Blades
  5966 | D:1      | Bought a +2 buckler of fire resistance for 279 gold pieces
  6141 | D:9      | Killed from afar by an orc priest

Illustrated notes

Levels and vault maps discovered:
D:1:      shiori_shiawase, layout_loops_ring,
          hellmonk_ecumenical_altar_lost_god, serial_shops,
          nicolae_shop_window_shopping, shop, shop, nicolae_shop_hallway_stairs,
          shop
D:2:      layout_basic, uniq_robin
D:3:      layout_basic, gammafunk_ghost_split
D:4:      layout_loops_ring, mainiacjoe_overflow_cross_hatched,
          mainiacjoe_overflow_boulevard, lemuel_tele_altar, serial_shops,
          nicolae_shop_waterfront, portal_sewer_entry_a, minmay_distorted
D:5:      layout_basic, mainiacjoe_overflow_tiny_flanked, chequers_mini_garden,
          minmay_starry_boxes
D:6:      layout_rooms, pdpol_temple_overflow_zin_treasury_gozag_greed,
          minmay_temple_entry_mist, nicolae_concentric_dashed_squares_wild,
          serial_bayou_pond_a, nicolae_elevator_lobby_plus,
          uniq_crazy_yiuf_cottage, uniq_sigmund, uniq_edmund
D:7:      layout_rooms, vehumet_altar_wand_db, enter_ossuary_3, serial_shops,
          nicolae_diamond_shop, enter_bailey_4
D:8:      gammafunk_cloud_chamber, layout_cave_pools, lightli_temple_of_fire
D:9:      layout_stronghold, hellmonk_lair_entry_icy, gammafunk_ghost_grave,
          uniq_prince_ribbit1, uniq_erica, uniq_maggie
Temple:   nicolae_temple_ecumenical_triangle

Skill      XL: |  1  2  3  4  5  6  7  8  9 10 |
---------------+-------------------------------+-----
Long Blades    | 3 4 5 6 7 8 9 10 | 10.1
Fighting       | 2 3 4 5 6 |  6.5
Evocations     | 1 3 4 5 |  5.0
Shields        | 2 |  2.7
Throwing       | |  1.7
Dodging        | |  2.4

Action                     |  1- 3 |  4- 6 |  7- 9 | 10-12 || total
---------------------------+-------+-------+-------+-------++-------
  Melee: Long sword        |    85 |   261 |   371 |    41 ||   758
         Bite              |    21 |    72 |   138 |    19 ||   250
         Punch             |     1 |     2 |     4 |     1 ||     8
  Evoke: Wand              |       |     1 |     4 |       ||     5
    Use: Scroll            |       |       |     8 |       ||     8
         Potion            |       |       |     2 |       ||     2
   Stab: Sleeping          |     1 |       |       |       ||     1
         Invisible         |       |     1 |     1 |       ||     2
 Armour: Leather armour    |     5 |       |       |       ||     5
         Ring mail         |    32 |   176 |   183 |    13 ||   404
  Dodge: Dodged            |    68 |   220 |   279 |    18 ||   585
  Block: Buckler           |       |       |       |     3 ||     3

Table legend: (Time is in decaauts)
 A = Elapsed time spent in this place.
 B = Non-inter-level travel time spent in this place.
 C = Inter-level travel time spent in this place.
 D = Time resting spent in this place.
 E = Time spent auto-exploring this place.
 F = Levels seen in this place.
 G = Mean time per level.
                   A        B        C        D        E       F      G
               +--------+--------+--------+--------+--------+-----+--------+
         Total |   6360 |   5900 |    460 |      0 |   4183 |  13 |  489.2 |
       Dungeon |   5371 |   4925 |    446 |      0 |   3603 |   9 |  596.8 |
        Temple |     40 |     26 |     14 |      0 |      0 |   1 |   40.0 |
         Sewer |    728 |    728 |      0 |      0 |    465 |   1 |  728.0 |
       Ossuary |    189 |    189 |      0 |      0 |    114 |   1 |  189.0 |
        Bailey |     30 |     30 |      0 |      0 |      0 |   1 |   30.0 |
               +--------+--------+--------+--------+--------+-----+--------+

Top non-repeatable levels by time:
     D:6: 928 daAuts
     D:1: 809 daAuts
     D:4: 796 daAuts
   Sewer: 728 daAuts
     D:7: 666 daAuts
     D:5: 651 daAuts
     D:2: 622 daAuts
     D:8: 535 daAuts
     D:3: 342 daAuts
 Ossuary: 189 daAuts
  Temple: 40 daAuts
  Bailey: 30 daAuts
     D:9: 19 daAuts
